 Dungeon Crawl Stone Soup version 0.29.1-2-gbd0b4ee654 (webtiles) character file.

Game seed: 16933718124248776662

138 BuzzyBeetle the Conjurer (level 5, -4/28 HPs)
             Began as a Deep Elf Conjurer on Oct 30, 2022.
             Slain by Blork the orc
             ... wielding a +0 battleaxe
              (16 damage)
             ... on level 4 of the Dungeon.
             The game lasted 00:10:07 (3310 turns).

BuzzyBeetle the Conjurer (Deep Elf Conjurer)        Turns: 3310, Time: 00:10:08

Health: -4/28      AC:  2    Str:  4    XL:     5   Next: 1%
Magic:  5/13       EV: 12    Int: 25    God:
Gold:   285        SH:  0    Dex: 13    Spells: 6/12 levels left

rFire   + . .      SeeInvis .   l - +1 dagger (chaos)
rCold   + . .      Faith    .   (no shield)
rNeg    . . .      Spirit   .   a - +0 robe
rPois   +          Reflect  .   (no helmet)
rElec   .          Harm     .   q - scarf {rC+ rF+}
rCorr   .          Rampage  .   (no gloves)
Will    .....                   (no boots)
Stlth   ++........              (no amulet)
HPRegen 0.09/turn               d - ring of poison resistance
MPRegen 0.13/turn               (no ring)

@: no status effects
A: no striking features
a: no special abilities


You were on level 4 of the Dungeon.
You visited 1 branch of the dungeon, and saw 4 of its levels.

You collected 285 gold pieces.

Inventory:

Hand Weapons
 f - a +2 long sword of holy wrath
 g - a +0 trident of venom
 l - a +1 dagger of chaos (weapon)
Missiles
 e - 6 poisoned darts
Armour
 a - a +0 robe (worn)
 q - a scarf of resistance (worn)
Jewellery
 c - a ring of fire
 d - a ring of poison resistance (left hand)
 k - a ring of fire
Scrolls
 i - 2 scrolls of magic mapping
 r - a scroll of butterflies {unknown}
 t - a scroll of identify {unknown}
Potions
 b - 3 potions of magic
 h - a potion of heal wounds
 j - a potion of flight {unknown}
 m - a potion of ambrosia {unknown}
 n - 2 potions of curing {unknown}
 p - a potion of mutation {unknown}
 s - 2 potions of lignification {unknown}


   Skills:
 + Level 2.7 Dodging
 + Level 3.4 Stealth
 + Level 4.2 Spellcasting
 + Level 6.0 Conjurations


You had 6 spell levels left.
You knew the following spells:

 Your Spells              Type           Power      Damage    Failure   Level
a - Magic Dart            Conj           100%       1d8       1%          1
b - Searing Ray           Conj           70%        2d7       1%          2
c - Dazzling Flash        Conj/Hex       40%        N/A       8%          3

Your spell library contained the following spells:

 Spells                   Type           Power      Damage    Failure   Level
 Confusing Touch          Hex            5%         N/A       26%         3
 Fulminant Prism          Conj/Hex       10%        3d9       26%         4
 Iskenderun's Mystic Bla  Conj/Tloc      20%        2d6       26%         4
 Yara's Violent Unravell  Hex/Tmut       2%         3d3       94%         5
 Enfeeble                 Hex            2%         N/A       100%        7


Dungeon Overview and Level Annotations

Branches:
Dungeon (4/15)
 Temple: D:4-7

Altars:
Ashenzari
The Shining One

Shops:
D:1 ?   D:2 [

Annotations:
D:4 1 transporter, Blork the orc


Message History

Aiming: Magic Dart (safe; 1% risk of failure)
Press: ? - help, Q - select action, (/) - cycle Shift-Dir - straight line, f/p - goblin
Aim: a goblin, wielding a +0 club (heavily wounded, 100% to hit)
The magic dart hits the goblin.
You kill the goblin!
You see here a +0 club.
Found a stone staircase leading down.
Blork the orc comes into view.
He is wielding a +0 battleaxe.
Aiming: Magic Dart (safe; 1% risk of failure)
Press: ? - help, Q - select action, (/) - cycle Shift-Dir - straight line, f - Blork the orc
Aim: Blork the orc, wielding a +0 battleaxe and wearing a +0 robe (asleep, 100% to hit)
The magic dart hits Blork the orc.
Blork the orc is lightly wounded.
Blork the orc shouts!
Blork the orc screams, "I'm going to kill you!"
Aiming: Searing Ray (safe; 1% risk of failure)
Press: ? - help, Q - select action, (/) - cycle Shift-Dir - straight line, f/p - Blork the orc
Aim: Blork the orc, wielding a +0 battleaxe and wearing a +0 robe (lightly wounded, 83% to hit)
The searing ray hits Blork the orc.
Blork the orc is moderately wounded. (Press . to maintain the ray.) Blork the orc mumbles some strange words.
Blork the orc seems to speed up.
The searing ray misses Blork the orc.
The searing ray misses Blork the orc.
Blork the orc sings a few bars from the Orcish anthem.
Blork the orc hits you with a +0 battleaxe!
The searing ray misses Blork the orc.
You finish channelling your searing ray.
Blork the orc casts a spell at you. The magic dart hits you.
Aiming: Searing Ray (safe; 1% risk of failure)
Press: ? - help, Q - select action, (/) - cycle Shift-Dir - straight line, f/p - Blork the orc
Aim: Blork the orc, wielding a +0 battleaxe and wearing a +0 robe (moderately wounded, fast, 83% to hit)
The searing ray misses Blork the orc. (Press . to maintain the ray.) Blork the orc misses you.
Blork the orc hits you with a +0 battleaxe!
Ouch! That really hurt!
You die...

################
#............... ###
#.#####...####
..######.#####.#@#
....).........>..o.....#
..##..##.#####...#####.#
........... #...#
..####.####.##...# ..#
..... ##...# #.#.......
..... ..#.......# .#.###
......_[...


You could see Blork the orc (fast).

Vanquished Creatures
  Terence (D:3)
  4 adders
  A gnoll (D:1)
  A worm (D:4)
  4 dart slugs
  An orc (D:3)
  4 endoplasms
  2 giant cockroaches (D:1)
  4 goblins
  A hobgoblin (D:4)
  2 jackals (D:3)
  2 quokkas
  8 ball pythons
  9 bats
  3 frilled lizards (D:1)
  7 kobolds
  4 rats
58 creatures vanquished.

Notes
Turn   | Place    | Note
-------+----------+-------------------------------------------
     0 | D:1      | BuzzyBeetle the Deep Elf Conjurer began the quest for the
                  | Orb.
     0 | D:1      | Reached XP level 1. HP: 10/10 MP: 6/6
   237 | D:1      | Reached XP level 2. HP: 15/15 MP: 4/8
   493 | D:1      | Found a faded altar of an unknown god.
   514 | D:1      | Found Istaita Coodd's Magic Scroll Shoppe.
   631 | D:1      | Reached skill level 5 in Conjurations
   706 | D:1      | Reached XP level 3. HP: 19/19 MP: 7/9
  1167 | D:2      | Found Tanifun's Antique Armour Boutique.
  1416 | D:2      | Found a glowing golden altar of the Shining One.
  1916 | D:3      | Learned a level 2 spell: Searing Ray
  1920 | D:3      | Learned a level 3 spell: Dazzling Flash
  2014 | D:3      | Reached XP level 4. HP: 16/24 MP: 6/11
  2250 | D:3      | Noticed Terence
  2264 | D:3      | Killed Terence
  3092 | D:4      | Found a transporter.
  3157 | D:4      | Reached skill level 6 in Conjurations
  3237 | D:4      | Found a broken altar of Ashenzari.
  3245 | D:4      | Reached XP level 5. HP: 28/28 MP: 11/13
  3304 | D:4      | Noticed Blork the orc
  3310 | D:4      | Slain by Blork the orc

Illustrated notes

Levels and vault maps discovered:
D:1:      dpeg_arrival_circle_labyrinth_a, layout_loops_ring, serial_shops,
          shop_fountains, dreamdust_ecumenical_altar_sealed_demon,
          minmay_misc_feat_columns, minmay_tiny_reverse_x
D:2:      layout_loops_ring, basic_altar, serial_shops, nicolae_shop_statue_plus
D:3:      layout_loops_ring, saegor_snake_ambush, uniq_terence
D:4:      layout_basic, old_standard_altar, minmay_temple_entry_ruins,
          gammafunk_ghost_mausoleum, kennysheep_big_empty_room,
          kennysheep_potato, uniq_blork_the_orc

Skill      XL: |  1  2  3  4 |
---------------+-------------+-----
Conjurations   | 5 6 |  6.0
Stealth        | 3 |  3.4
Spellcasting   | 4 |  4.2
Dodging        | |  2.7

Action                   |  1- 3 |  4- 6 || total
-------------------------+-------+-------++-------
Melee: Dagger            |       |     2 ||     2
 Cast: Magic Dart        |    62 |    41 ||   103
       Searing Ray       |       |     4 ||     4
  Use: Scroll            |     3 |     3 ||     6
       Potion            |       |     1 ||     1
Armor: Robe              |     2 |     1 ||     3
Dodge: Dodged            |     4 |     5 ||     9
